 Dungeon Crawl Stone Soup version 0.22-a0-40-g3d2f077 (webtiles) character file.

90607 Gorglomux the Severer (level 15, 0/140 HPs)
             Began as a Deep Dwarf Fighter on Jan 4, 2018.
             Was the Champion of Makhleb.
             Slain by a deep troll (18 damage)
             ... on level 2 of the Orcish Mines.
             The game lasted 00:21:12 (17120 turns).

Gorglomux the Severer (Deep Dwarf Fighter)         Turns: 17120, Time: 00:21:13

Health: 0/140      AC: 16    Str: 24    XL:     15   Next: 52%
Magic:  8/8        EV: 14    Int: 15    God:    Makhleb [******]
Gold:   1943       SH: 13    Dex: 13    Spells: 14/14 levels left

rFire    . . .     SeeInvis +   x - +5 broad axe (chop)
rCold    . . .     Gourm    .   c - +0 shield
rNeg     + . .     Faith    +   t - +0 chain mail
rPois    .         Spirit   .   H - +2 helmet
rElec    +         Reflect  .   W - +1 cloak of the Manifold Beggars {rElec Int+5}
rCorr    +         Harm     .   (no gloves)
MR       ++...                  O - +0 pair of boots
Stlth    ..........             y - amulet of faith
HPRegen  0.00/turn              s - ring of see invisible
MPRegen  0.11/turn              g - ring of resist corrosion

@: corroded, non-regenerating
A: damage resistance, heal wounds, negative energy resistance 1, sense
surroundings 2, no regeneration
a: Heal Wounds, Minor Destruction, Lesser Servant of Makhleb, Major Destruction,
Greater Servant of Makhleb, Renounce Religion


You were on level 2 of the Orcish Mines.
You worshipped Makhleb.
Makhleb was exalted by your worship.
You were not hungry.

You visited 3 branches of the dungeon, and saw 23 of its levels.
You also visited: Ossuary.

You collected 1943 gold pieces.

Inventory:

Hand Weapons
 x - a +5 broad axe of chopping (weapon)
Armour
 c - a +0 shield (worn)
 t - a +0 chain mail (worn)
 H - a +2 helmet (worn)
 O - a +0 pair of boots (worn)
 W - the +1 cloak of the Manifold Beggars (worn) {rElec Int+5}
   (You acquired it on level 6 of the Lair of Beasts)

   It affects your intelligence (+5).
   It insulates you from electricity.
Jewellery
 g - a ring of resist corrosion (right hand)
 s - a ring of see invisible (left hand)
 y - an amulet of faith (around neck)
 L - an uncursed amulet of guardian spirit
 Z - a +3 ring of protection {unknown}
Wands
 D - a wand of digging (58)
 E - a wand of enslavement (20)
 I - a wand of iceblast (5)
Scrolls
 k - 8 scrolls of remove curse
 v - 4 scrolls of immolation
 w - 5 scrolls of fear
 B - 3 scrolls of blinking
 F - 3 scrolls of fog
 M - 5 scrolls of magic mapping
 R - 8 scrolls of identify
 T - 8 scrolls of teleportation
Potions
 d - 7 potions of might
 j - 2 potions of invisibility
 m - 3 potions of berserk rage
 p - 7 potions of lignification
 q - 2 potions of resistance
 r - 4 potions of agility
 u - 3 potions of ambrosia
 z - 11 potions of heal wounds
 A - 2 potions of mutation {unknown}
 C - 2 potions of flight
 N - 3 potions of brilliance
 Q - 7 potions of curing
 V - 3 potions of cancellation
 Y - a potion of magic
Books
 i - a Fen Folio

   Spells                             Type                      Level
   a - Corpse Rot                     Necromancy                   2
   b - Stone Arrow                    Conjuration/Earth            3
   c - Leda's Liquefaction            Hexes/Earth                  4
   d - Summon Forest                  Summoning/Translocation      5
   e - Hydra Form                     Transmutation                6
   f - Summon Hydra                   Summoning                    7
 l - a book of Maledictions

   Spells                             Type                      Level
   a - Corona                         Hexes                        1
   b - Ensorcelled Hibernation        Hexes/Ice                    2
   c - Confuse                        Hexes                        3
   d - Tukima's Dance                 Hexes                        3
   e - Dazzling Spray                 Conjuration/Hexes            3
 n - a book of Debilitation

   Spells                             Type                      Level
   a - Corona                         Hexes                        1
   b - Slow                           Hexes                        2
   c - Inner Flame                    Hexes/Fire                   3
   d - Portal Projectile              Hexes/Translocation          3
   e - Cause Fear                     Hexes                        4
   f - Leda's Liquefaction            Hexes/Earth                  4
 o - a book of Changes

   Spells                             Type                      Level
   a - Beastly Appendage              Transmutation                1
   b - Sticks to Snakes               Transmutation                2
   c - Spider Form                    Transmutation/Poison         3
   d - Ice Form                       Ice/Transmutation            4
   e - Blade Hands                    Transmutation                5
 K - a book of Frost

   Spells                             Type                      Level
   a - Freeze                         Ice                          1
   b - Throw Frost                    Conjuration/Ice              2
   c - Ozocubu's Armour               Charms/Ice                   3
   d - Throw Icicle                   Conjuration/Ice              4
   e - Summon Ice Beast               Ice/Summoning                4
 P - a book of Flames

   Spells                             Type                      Level
   a - Flame Tongue                   Conjuration/Fire             1
   b - Throw Flame                    Conjuration/Fire             2
   c - Conjure Flame                  Conjuration/Fire             3
   d - Inner Flame                    Hexes/Fire                   3
   e - Sticky Flame                   Conjuration/Fire             4
   f - Fireball                       Conjuration/Fire             5
 S - a book of Air

   Spells                             Type                      Level
   a - Shock                          Conjuration/Air              1
   b - Swiftness                      Charms/Air                   2
   c - Static Discharge               Conjuration/Air              3
   d - Airstrike                      Air                          4
   e - Lightning Bolt                 Conjuration/Air              5
 X - a book of Cantrips

   Spells                             Type                      Level
   a - Confusing Touch                Hexes                        1
   b - Animate Skeleton               Necromancy                   1
   c - Summon Small Mammal            Summoning                    1
   d - Apportation                    Translocation                1
Miscellaneous
 U - a box of beasts
Comestibles
 J - 51 rations


   Skills:
 + Level 10.5 Fighting
 + Level 15.8 Axes
 + Level 12.5 Armour
 + Level 12.0 Dodging
 + Level 12.4 Shields
 + Level 12.1 Invocations


You had 14 spell levels left.
You didn't know any spells.

Dungeon Overview and Level Annotations

Branches:
Dungeon (15/15)            Temple (0/1) D:7            Lair (6/6) D:11
 Shoals (0/4) Lair:2        Snake (0/4) Lair:3        Slime (0/5) Lair:5
    Orc (2/2) D:11            Elf (0/3) Orc:2        Vaults (0/5) D:13
 Depths (0/5) D:15

Altars:
Ashenzari
Cheibriados
Dithmenos
Fedhas
Kikubaaqudgha
Makhleb
Nemelex Xobeh
Okawaru
Qazlal
Sif Muna
Uskayaw
Wu Jian
Xom

Shops:
D:8 (   D:15 }

Annotations:
D:3 melvinkitnick's ghost, amateur KoAr
D:4 Eustachio
Lair:2 exclusion: 2 oklob plants
Lair:6 2 runed doors


Innate Abilities, Weirdness & Mutations

You are resistant to damage.
You can heal yourself by infusing magical energy.
You resist negative energy. (rN+)
You passively map the area around you.
You do not regenerate.


Message History

The two-headed ogre hits you with a giant club!
You block the two-headed ogre's attack! The deep troll completely misses you!
The deep troll claws you! x2
You barely miss the two-headed ogre!
The two-headed ogre is almost dead!
You slice the cyclops like a ripe choko!!!
You open the deep troll like a pillowcase!
You chop the troll but do no damage! You dice the ogre but do no damage!
The troll bites you!!!
A warg comes into view!
The warg howls!!!
You block the troll's attack! The troll closely misses you!
The two-headed ogre hits you with a giant club!!!!!! * * * don't die
* * * You block the two-headed ogre'butts attack!
The ogre mage hits you from afar with a butt! * * * don'butt die
* * * The butts barely misses butt!
The ogre completely misses you! The deep troll bites you!!!!!! rip

, , , ,, ,, , , <,
,,........h.... , *
.. ...........# ,, ,
.... ....#...... , *
,, .....##.....C....
* ,
,................. ,
, *
...........$O..... ,
,
..........)TO......,
, *,,
..#.......T@O......,
,, , ,
.........)C))O.....
, * ,
..#......))[.......
, , ** *,,
.........(.........
*, ,
.$.#.....(.........,
, ,
.......$...........
, , ,
...$...............
, ,, **,
....#...........#..
, , ...
##............... ,


You could see a two-headed ogre, 2 ogre magi, a deep troll, 2 cyclopes, a troll,
a warg and an ogre.

Vanquished Creatures
  Kirke (Lair:6)
  Josephine (Lair:6)
  Erolcha (D:12)
  3 centaur warriors
  2 hydras
  2 dancing weapons (D:13)
  15 two-headed ogres
  A death knight (D:12)
  10 death yaks (Lair:6)
  A tengu warrior (D:15)
  4 skeletal warriors
  2 unseen horrors
  A deep troll (Orc:2)
  A phantasmal warrior (D:15)
  A tengu zombie (D:15)
  2 wolf spider zombies
  A lindwurm (Lair:6)
  A necromancer (D:15)
  A cyclops (D:15)
  2 orc sorcerers
  2 orc knights (D:15)
  6 deep elf magi
  An ugly thing (D:12)
  2 manticores
  7 elephants (Lair:6)
  A centaur zombie (D:12)
  A merfolk siren (Lair:2)
  The ghost of tof the Ducker, a novice GnMo (D:6)
  7 black mambas
  6 gargoyles
  9 spiny frogs
  2 molten gargoyles (Lair:6)
  A yaktaur zombie (D:15)
  A yaktaur (D:15)
  4 rime drakes
  A kobold demonologist (D:12)
  15 komodo dragons
  A guardian mummy (D:15)
  3 meliai (D:14)
  A polar bear (Lair:6)
  9 trolls
  5 slime creatures
  An ice dragon zombie (D:15)
  A deep troll zombie (D:15)
  7 dream sheep (Lair:6)
  24 blink frogs
  13 hippogriffs
  2 shadows
  2 centaur simulacra (D:15)
  Sigmund (D:4)
  9 wraiths
  3 basilisks (Lair:6)
  24 yaks
  A spriggan (shapeshifter) (D:14)
  A vampire (D:12)
  A hungry ghost (D:13)
  7 hogs
  A human (D:7)
  6 wyverns
  3 steam dragons
  4 vampire mosquitoes
  2 nagas (Lair:3)
  2 soldier ants (D:13)
  5 wargs
  10 water moccasins
  9 porcupines
  4 hell hounds (Lair:6)
  4 ice beasts
  14 orc warriors
  3 sky beasts
  A hornet zombie (D:12)
  A black bear (D:12)
  3 wolves (Lair:6)
  24 ogres
  4 boggarts (D:14)
  2 necrophages
  A phantom (D:10)
  8 centaurs
  15 crocodiles
  2 big kobolds
  15 bullfrogs
  2 wyvern skeletons
  6 scorpions
  9 wights
  An electric eel (Lair:2)
  10 crimson imps
  5 lava snakes (Lair:6)
  3 bullfrog zombies
  2 quasits
  10 hounds
  22 orc wizards
  7 jellies
  13 orc priests
  5 centaur skeletons
  4 bullfrog skeletons
  7 iguanas
  5 worker ants
  4 hell rats (Lair:5)
  8 mummies (Ossuary)
  A hound skeleton (D:4)
  2 worker ant zombies
  2 howler monkey skeletons
  3 gnolls (D:4)
  11 adders
  A shadow imp (D:13)
  2 oozes
  3 adder skeletons
  3 worms
  A dart slug (D:2)
  3 leopard geckos
  72 orcs
  4 ball pythons
  3 giant cockroaches
  6 hobgoblins
  6 jackals
  4 quokkas
  5 bats
  A frilled lizard (D:2)
  4 gnoll zombies (Ossuary)
  4 goblins
  A hobgoblin zombie (Ossuary)
  A jackal skeleton (D:5)
  12 kobolds
  2 kobold zombies (Ossuary)
  A leopard gecko skeleton (D:8)
  An orc zombie (Ossuary)
  5 rats
  8 fungi
  3 plants
677 creatures vanquished.

Vanquished Creatures (collateral kills)
  A hydra (D:15)
  A tengu warrior (D:15)
  A wolf spider zombie (D:15)
  An ugly thing (D:11)
4 creatures vanquished.

Vanquished Creatures (others)
  An orc wizard (D:9)
  2 kobolds (D:12)
  16 fungi
  7 plants
26 creatures vanquished.

Grand Total: 707 creatures vanquished

Notes
Turn   | Place    | Note
-------+----------+-------------------------------------------
     0 | D:1      | Gorglomux the Deep Dwarf Fighter began the quest for the Orb.
     0 | D:1      | Reached XP level 1. HP: 20/20 MP: 1/1
   212 | D:1      | Found an iron altar of Okawaru.
   224 | D:1      | Reached XP level 2. HP: 27/27 MP: 2/2
   778 | D:2      | Reached skill level 1 in Dodging
   844 | D:2      | Reached XP level 3. HP: 28/33 MP: 3/3
   871 | D:2      | Found a shattered altar of Ashenzari.
   902 | D:2      | Reached skill level 3 in Fighting
  1520 | D:3      | Reached XP level 4. HP: 32/42 MP: 4/4
  1660 | D:3      | Reached skill level 3 in Axes
  1749 | D:3      | Noticed melvinkitnick's ghost (amateur KoAr)
  2225 | D:4      | Reached XP level 5. HP: 23/49 MP: 5/5
  2348 | D:4      | Reached XP level 6. HP: 17/57 MP: 6/6
  2432 | D:4      | Noticed Sigmund
  2442 | D:4      | Killed Sigmund
  2442 | D:4      | Reached skill level 4 in Axes
  2442 | D:4      | Reached skill level 3 in Dodging
  2566 | D:4      | Found a shadowy altar of Dithmenos.
  2626 | D:4      | Noticed Eustachio
  2761 | D:3      | Found an ancient bone altar of Kikubaaqudgha.
  3026 | D:5      | Entered Level 5 of the Dungeon
  3046 | D:5      | Reached XP level 7. HP: 54/64 MP: 5/5
  3621 | D:5      | Found a burning altar of Makhleb.
  3621 | D:5      | Found a blossoming altar of Fedhas.
  3626 | D:5      | Found a sparkling altar of Nemelex Xobeh.
  3628 | D:5      | Found a deep blue altar of Sif Muna.
  3633 | D:5      | Became a worshipper of Makhleb the Destroyer
  3638 | D:5      | Found an iron altar of Okawaru.
  3758 | D:6      | Reached skill level 5 in Axes
  3758 | D:6      | Reached XP level 8. HP: 59/73 MP: 6/6
  4213 | D:6      | Reached skill level 6 in Armour
  4213 | D:6      | Reached skill level 6 in Shields
  4340 | D:6      | Noticed tof's ghost (novice GnMo)
  4371 | D:6      | Killed tof's ghost
  4630 | D:7      | Reached * piety under Makhleb
  4756 | D:7      | Found a sand-covered staircase.
  4776 | Ossuary  | Entered an ossuary
  4804 | Ossuary  | Reached skill level 6 in Axes
  4884 | Ossuary  | Reached ** piety under Makhleb
  5028 | D:7      | Gained mutation: You passively map the area around you. [Deep Dwarf growth]
  5028 | D:7      | Reached XP level 9. HP: 59/81 MP: 4/4
  5143 | D:7      | Found a staircase to the Ecumenical Temple.
  5154 | D:7      | Found a stormy altar of Qazlal.
  5291 | D:7      | HP: 3/81 [hog (6)]
  5322 | D:7      | Reached skill level 6 in Dodging
  5389 | D:8      | Reached skill level 6 in Fighting
  5418 | D:8      | Reached skill level 1 in Invocations
  5565 | D:8      | Reached *** piety under Makhleb
  5570 | D:8      | Noticed a two-headed ogre
  5588 | D:8      | Killed a two-headed ogre
  5588 | D:8      | Reached skill level 7 in Axes
  5592 | D:8      | Reached skill level 3 in Invocations
  5613 | D:8      | Reached XP level 10. HP: 65/92 MP: 4/4
  5662 | D:8      | Found a hide-covered altar of Uskayaw.
  5663 | D:8      | Found a shadowy altar of Dithmenos.
  5665 | D:8      | Found an ornate altar of the Wu Jian Council.
  5666 | D:8      | Found a snail-covered altar of Cheibriados.
  5670 | D:8      | Found Pann's Weapon Boutique.
  5845 | D:8      | Found a shimmering altar of Xom.
  6495 | D:9      | Reached **** piety under Makhleb
  6515 | D:9      | Noticed a two-headed ogre
  6516 | D:9      | Noticed a two-headed ogre
  6518 | D:9      | Noticed a two-headed ogre
  6527 | D:9      | Killed a two-headed ogre
  6529 | D:9      | HP: 2/92 [two-headed ogre/giant spiked club (18)]
  6591 | D:9      | Killed a two-headed ogre
  6591 | D:9      | Reached skill level 8 in Axes
  6710 | D:9      | HP: 2/94 [two-headed ogre/giant spiked club (17)]
  6714 | D:9      | Killed a two-headed ogre
  6818 | D:10     | Entered Level 10 of the Dungeon
  6861 | D:10     | Noticed a two-headed ogre
  6871 | D:10     | Killed a two-headed ogre
  6871 | D:10     | Reached XP level 11. HP: 61/100 MP: 4/4
  6910 | D:10     | Reached skill level 9 in Armour
  6962 | D:10     | Noticed a two-headed ogre
  6977 | D:10     | Killed a two-headed ogre
  6977 | D:10     | Reached skill level 6 in Invocations
  7110 | D:10     | Reached skill level 9 in Shields
  7623 | D:11     | Reached ***** piety under Makhleb
  7695 | D:11     | Reached skill level 9 in Axes
  7713 | D:11     | Found a staircase to the Orcish Mines.
  7760 | D:11     | Found a staircase to the Lair.
  8004 | D:11     | Noticed a purple ugly thing
  8005 | D:11     | Noticed an unseen horror
  8008 | D:11     | Killed an unseen horror
  8008 | D:11     | Reached skill level 10 in Axes
  8022 | D:11     | Killed a purple ugly thing
  8426 | D:12     | Noticed a death knight
  8446 | D:12     | Killed a death knight
  8446 | D:12     | Reached skill level 11 in Axes
  8533 | D:12     | Reached XP level 12. HP: 94/110 MP: 4/4
  8548 | D:12     | Noticed Erolcha
  8563 | D:12     | Killed Erolcha
  8577 | D:12     | Reached skill level 12 in Axes
  8831 | Lair:1   | Entered Level 1 of the Lair of Beasts
  9040 | Lair:1   | Reached skill level 13 in Axes
  9612 | Lair:2   | Found a staircase to the Shoals.
 10209 | Lair:2   | Reached skill level 9 in Dodging
 10494 | Lair:3   | Reached skill level 14 in Axes
 10624 | Lair:3   | Found a staircase to the Snake Pit.
 11283 | Lair:4   | Noticed a five-headed hydra
 11296 | Lair:4   | Killed an eight-headed hydra
 11296 | Lair:4   | Reached XP level 13. HP: 65/117 MP: 5/5
 11529 | Lair:4   | Reached ****** piety under Makhleb
 12526 | Lair:5   | Found a staircase to the Slime Pits.
 12650 | Lair:6   | Entered Level 6 of the Lair of Beasts
 12815 | Lair:6   | Reached skill level 9 in Invocations
 12825 | Lair:6   | Reached skill level 9 in Fighting
 12936 | Lair:6   | Noticed Josephine
 12953 | Lair:6   | Killed Josephine
 13005 | Lair:6   | Noticed Kirke
 13011 | Lair:6   | Gained mutation: You resist negative energy. (rN+) [Deep Dwarf growth]
 13011 | Lair:6   | Reached XP level 14. HP: 107/129 MP: 8/8
 13017 | Lair:6   | Killed Kirke
 13379 | Lair:6   | Reached skill level 15 in Axes
 13478 | Lair:6   | Found a large runed door.
 13479 | Lair:6   | Found a large runed door.
 13921 | Lair:6   | Identified a scroll of acquirement
 13922 | Lair:6   | Got a smoking cloak
 13933 | Lair:6   | Identified the +1 cloak of the Manifold Beggars {rElec Int+5} (You acquired it on level 6 of the Lair of Beasts)
 14911 | D:13     | Found a gate to the Vaults.
 15637 | D:14     | Reached skill level 12 in Armour
 15958 | D:14     | Reached XP level 15. HP: 116/138 MP: 7/7
 16151 | D:15     | Entered Level 15 of the Dungeon
 16189 | D:15     | Reached skill level 12 in Shields
 16334 | D:15     | Found a staircase to the Depths.
 16536 | D:15     | Found Ruor Bemp's Gadget Emporium.
 16864 | Orc:1    | Entered Level 1 of the Orcish Mines
 16933 | Orc:2    | Entered Level 2 of the Orcish Mines
 16946 | Orc:2    | Found a staircase to the Elven Halls.
 17107 | Orc:2    | Reached skill level 12 in Invocations
 17107 | Orc:2    | Reached skill level 12 in Dodging
 17120 | Orc:2    | Slain by a deep troll

Vault maps used:
D:1:      nzn_arrival_settlement, roderic_serpentine_path,
          okawaru_ov_weapons_minmay
D:2:      ashenzari_conservatory_becter
D:3:      lemuel_coloured_pillars_altar, first_ration
D:4:      grunt_dithmenos_smoke, uniq_eustachio, uniq_sigmund
D:5:      chequers_temple_overflow_minitemple, minmay_checkerbox
D:7:      grunt_qazlal_sundering, minmay_temple_entry_trees, enter_ossuary_1,
          grunt_livestock
D:8:      kennysheep_little_box, grunt_temple_overflow_open, serial_shops,
          shop_fountains, hangedman_decor_points
D:11:     erik_lair_orcish_takeover, david_orc_2
D:12:     uniq_erolcha
D:13:     erik_vaults_1, eino_tiny_chamber, kennysheep_nondescript,
          serial_bayou_crossing
D:15:     gammafunk_depths_entry_grave, serial_shops, shop,
          minmay_misc_feat_secret_circle, minmay_misc_feat_four_crosses
Lair:1:   beast_lair_carwin_7, serial_bayou_shore_b
Lair:2:   minmay_shoals_entry_lonely_mermaid, st_stairs_5,
          minmay_lair_oklob_chamber, infiniplex_staircase_pool
Lair:3:   guppyfry_snake_entry_island, infiniplex_staircase_pool_2
Lair:4:   lemuel_fruit_tree
Lair:5:   minmay_slime_entry_pillars, grunt_megastairs_3
Lair:6:   cheibrodos_lair_end_hotspot, uniq_kirke, uniq_josephine
Orc:2:    st_orc_open
Ossuary:  ossuary_tomb_3

Skill      XL: |  1  2  3  4  5  6  7  8  9 10 11 12 13 14 15 |
---------------+----------------------------------------------+-----
Dodging        | 1 2 3 4 5 6 8 9 10 11 12 | 12.0
Fighting       | 3 4 5 6 7 8 9 10 | 10.5
Axes           | 3 4 5 6 7 8 11 14 15 | 15.8
Shields        | 4 5 6 7 8 9 10 11 12 | 12.4
Armour         | 4 5 6 7 8 9 10 11 12 | 12.5
Invocations    | 3 5 6 7 9 11 12 | 12.1

Action                   |  1- 3 |  4- 6 |  7- 9 | 10-12 | 13-15 || total
-------------------------+-------+-------+-------+-------+-------++-------
Melee: War axe           |    85 |   142 |   438 |   333 |       ||   998
       Broad axe         |       |       |       |   499 |   968 ||  1467
Throw: Throwing net      |       |       |       |       |     1 ||     1
Invok: Minor Destruction |       |       |     1 |    16 |     4 ||    21
       Lesser Servant of |       |       |       |     1 |     2 ||     3
       Greater Servant o |       |       |       |     1 |       ||     1
 Abil: Heal Wounds       |       |     5 |    14 |    26 |     7 ||    52
Evoke: Box of beasts     |       |       |     1 |       |       ||     1
       Wand              |       |       |       |     4 |     3 ||     7
  Use: Scroll            |       |       |    13 |    22 |     7 ||    42
       Potion            |       |       |       |     1 |     1 ||     2
 Stab: Distracted        |       |       |       |       |     1 ||     1
  Eat: Ration            |     1 |       |       |       |       ||     1
       Chunk             |       |     3 |    10 |    20 |    22 ||    55
Armor: Scale mail        |    41 |    64 |   207 |   107 |       ||   419
       Chain mail        |       |       |       |   194 |   354 ||   548
Dodge: Dodged            |    35 |    57 |   248 |   434 |   441 ||  1215
Block: Shield            |    47 |    67 |   334 |   590 |   580 ||  1618

Table legend:
 A = Spawn XP
 B = Non-spawn XP
 C = Spawn XP percentage of total XP
 D = Spawn monster count
 E = Non-spawn monster count
 F = Spawn count percentage of total count
 G = Total turns spent on level
                    A         B        C        D         E        F      G
               +---------+---------+-------+---------+---------+-------+---------
         Total |       0 |  129439 |   0.0 |       0 |     671 |   0.0 | 17120
               +---------+---------+-------+---------+---------+-------+---------
           D:1 |       0 |      23 |   0.0 |       0 |      11 |   0.0 |   746
           D:2 |       0 |      66 |   0.0 |       0 |      19 |   0.0 |   656
           D:3 |       0 |      81 |   0.0 |       0 |      12 |   0.0 |  1015
           D:4 |       0 |     526 |   0.0 |       0 |      19 |   0.0 |   609
           D:5 |       0 |     711 |   0.0 |       0 |      23 |   0.0 |   717
           D:6 |       0 |     954 |   0.0 |       0 |      17 |   0.0 |   850
           D:7 |       0 |    1385 |   0.0 |       0 |      23 |   0.0 |   606
           D:8 |       0 |    2120 |   0.0 |       0 |      37 |   0.0 |   891
           D:9 |       0 |    4209 |   0.0 |       0 |      28 |   0.0 |   545
          D:10 |       0 |    4779 |   0.0 |       0 |      36 |   0.0 |   779
          D:11 |       0 |    5608 |   0.0 |       0 |      40 |   0.0 |   930
          D:12 |       0 |    6478 |   0.0 |       0 |      34 |   0.0 |   763
          D:13 |       0 |    9710 |   0.0 |       0 |      35 |   0.0 |   819
          D:14 |       0 |   12172 |   0.0 |       0 |      42 |   0.0 |   772
          D:15 |       0 |   14303 |   0.0 |       0 |      48 |   0.0 |   614
        Lair:1 |       0 |    5156 |   0.0 |       0 |      23 |   0.0 |   734
        Lair:2 |       0 |    3215 |   0.0 |       0 |      16 |   0.0 |   912
        Lair:3 |       0 |    1593 |   0.0 |       0 |       8 |   0.0 |   600
        Lair:4 |       0 |    5018 |   0.0 |       0 |      18 |   0.0 |   920
        Lair:5 |       0 |    3295 |   0.0 |       0 |      20 |   0.0 |   740
        Lair:6 |       0 |   37120 |   0.0 |       0 |     105 |   0.0 |  1463
         Orc:1 |       0 |     899 |   0.0 |       0 |       9 |   0.0 |    69
         Orc:2 |       0 |    9865 |   0.0 |       0 |      32 |   0.0 |   187
       Ossuary |       0 |     153 |   0.0 |       0 |      16 |   0.0 |   183
               +---------+---------+-------+---------+---------+-------+---------
